 Dungeon Crawl Stone Soup version 0.28.0-47-ge53b351184 (webtiles) character file.

Game seed: 13655174436123458716

21 Kaptain the Digger (level 2, 0/15 HPs)
             Began as a Deep Elf Earth Elementalist on Apr 27, 2022.
             Slain by a quokka (4 damage)
             ... on level 1 of the Dungeon.
             The game lasted 00:01:24 (617 turns).

Kaptain the Digger (Deep Elf Earth Elementalist)     Turns: 617, Time: 00:01:25

Health: 0/15       AC:  3    Str:  5    XL:     2   Next: 65%
Magic:  8/8        EV: 13    Int: 19    God:
Gold:   48         SH:  0    Dex: 15    Spells: 6/7 levels left

rFire   . . .      SeeInvis .   h - +0 hand axe
rCold   . . .      Faith    .   (no shield)
rNeg    + . .      Spirit   .   b - +0 robe
rPois   .          Reflect  .   (no helmet)
rElec   .          Harm     .   a - +0 cloak
rCorr   .          Rampage  .   (no gloves)
Will    .....                   (no boots)
Stlth   ++........              (no amulet)
HPRegen 0.05/turn               g - ring of positive energy
MPRegen 0.11/turn               (no ring)

@: no status effects
A: no striking features
a: no special abilities


You were on level 1 of the Dungeon.
You visited 1 branch of the dungeon, and saw 1 of its levels.

You collected 48 gold pieces.

Inventory:

Hand Weapons
 e - a +0 short sword
 h - a +0 hand axe (weapon)
Missiles
 c - 9 stones
Armour
 a - a +0 cloak (worn)
 b - a +0 robe (worn)
Jewellery
 g - a ring of positive energy (left hand)
Scrolls
 d - a scroll of identify {unknown}
 i - a scroll of vulnerability {unknown}
 j - a scroll of teleportation {unknown}
Potions
 f - a potion of lignification {unknown}


   Skills:
 * Level 0.2 Fighting
 + Level 0.5 Armour
 + Level 2.7 Dodging
 + Level 2.6 Stealth
 * Level 3.3 Spellcasting
 * Level 0.3 Conjurations
 - Level 1.1 Transmutations
 * Level 3.5 Earth Magic


You had 6 spell levels left.
You knew the following spells:

 Your Spells              Type           Power      Damage    Failure   Level
a - Sandblast             Erth           32%        2d9       3%          1

Your spell library contained the following spells:

 Spells                   Type           Power      Damage    Failure   Level
 Passwall                 Tmut/Erth      10%        N/A       9%          2
 Stone Arrow              Conj/Erth      20%        3d8       21%         3
 Petrify                  Tmut/Erth      12%        N/A       50%         4


Dungeon Overview and Level Annotations

Branches:
Dungeon (1/15)

Altars:


Message History

The ball python constricts you.
You escape the ball python's grasp.
The quokka closely misses you.
The quokka bites you but does no damage.
You hit the quokka.
The quokka is heavily wounded.
The quokka closely misses you.
You closely miss the quokka.
The quokka is heavily wounded.
The quokka barely misses you. The quokka bites you.
You hit the quokka but do no damage.
The quokka is heavily wounded.
The quokka barely misses you.
You miss the quokka.
The quokka is heavily wounded.
The quokka bites you. The quokka misses you.
You hit the quokka.
The quokka is severely wounded.
The quokka bites you. The quokka closely misses you.
You barely miss the quokka.
The quokka is severely wounded.
The quokka closely misses you.
You hit the quokka.
You kill the quokka!
The ball python barely misses you. x2
You barely miss the ball python.
The ball python bites you but does no damage.
The ball python barely misses you. The ball python misses you.
The ball python barely misses you.
You hit the ball python.
You kill the ball python!
You see here a ball python corpse.
A quokka comes into view.
You hit the quokka but do no damage. The quokka barely misses you.
The quokka bites you.
You barely miss the quokka. The quokka bites you.
You hit the quokka but do no damage. The quokka bites you. x2
* * * LOW HITPOINT WARNING * * *
You hit the quokka but do no damage. The quokka bites you.
You die...

..#.##.....####
....##.....#
..####.....# ..#
#.....############
..#
####>##..........#
..#
#.##..........#
###
#..#..........#
##.#..........#
#.#....@r....#
#.#..........#
#†##..########
#..#..#
...#####....#
#.........##
##........#
#........#
#........#


You could see a quokka.

Vanquished Creatures
  A dart slug (D:1)
  A bat (D:1)
  An endoplasm (D:1)
  3 goblins (D:1)
  A hobgoblin (D:1)
  4 quokkas (D:1)
  2 ball pythons (D:1)
  A frilled lizard (D:1)
  A kobold (D:1)
  2 rats (D:1)
17 creatures vanquished.

Notes
Turn   | Place    | Note
-------+----------+-------------------------------------------
     0 | D:1      | Kaptain the Deep Elf Earth Elementalist began the quest for
                  | the Orb.
     0 | D:1      | Reached XP level 1. HP: 10/10 MP: 6/6
   182 | D:1      | Reached XP level 2. HP: 9/15 MP: 1/8
   617 | D:1      | Slain by a quokka

Illustrated notes

Levels and vault maps discovered:
D:1:      minmay_arrival_glassed_features, layout_rooms,
          hellmonk_ecumenical_altar_pennies_from_heaven

Action                   || total
-------------------------++-------
Melee: Hand axe          ||    14
 Cast: Sandblast         ||    22
Armor: Robe              ||     4
Dodge: Dodged            ||    17
